 Dungeon Crawl Stone Soup version 0.25-a0-100-g33052ceff8 (webtiles) character file.

Game seed: 14938500144679444892, levelgen mode: deterministic

595455 MrRokkomies the Middleweight Champion (level 27, -8/246 HPs)
             Began as a Ghoul Monk on Nov 13, 2019.
             Was the Champion of Wu Jian.
             Mangled by a death cob (11 damage)
             ... on level 2 of the Realm of Zot on Nov 15, 2019.
             The game lasted 04:12:34 (55798 turns).

MrRokkomies the Middleweight Champion (Ghoul Monk) Turns: 55798, Time: 04:12:38

Health: -8/246     AC: 47    Str: 26    XL:     27
Magic:  34/34      EV:  8    Int: 10    God:    Wu Jian [******]
Gold:   4497       SH:  0    Dex: 14    Spells: 26/26 levels left

rFire    + + +     SeeInvis +     - Unarmed
rCold    + + +     Gourm    .   (no shield)
rNeg     + + +     Faith    .   l - +12 crystal plate armour
rPois    ∞         Spirit   .   g - +0 helmet
rElec    +         Reflect  .   K - scarf {cloud immunity}
rCorr    .         Harm     .   R - +2 pair of gloves of the Evening Star {Regen+}
MR       ++...                  F - +1 pair of boots {Fly}
Stlth    ..........             T - amulet of the Genius {*Drain +Rage rElec Int+3 SInv}
HPRegen  0.00/turn              E - ring "Feciacoo" {*Contam rF+++ rC++ MR- Stlth-}
MPRegen  0.24/turn              x - ring of the Marlin {rElec rPois MR+ Dex+3}

@: rotting, slowed, glowing, heavenly storm, very slow
A: rotting body, claws 1, carnivore, cold resistance 1, negative energy
resistance 3, inhibited regeneration, torment resistance, unbreathing
}: 3/15 runes: serpentine, barnacled, silver
a: Wall Jump, Serpent's Lash, Heavenly Storm, Renounce Religion, Evoke Flight


You were on level 2 of the Realm of Zot.
You worshipped Wu Jian.
Wu Jian was exalted by your worship.
You were not hungry.

You visited 11 branches of the dungeon, and saw 50 of its levels.
You visited the Abyss 3 times.
You also visited: Ossuary, Ice Cave and Volcano.

You collected 8384 gold pieces.
You spent 3887 gold pieces at shops.

Inventory:

Hand Weapons
 b - a +9 arbalest of flaming
Missiles
 m - 5 throwing nets (quivered)
 o - 16 curare-tipped darts
 u - 2017 bolts
Armour
 g - a +0 helmet (worn)
 l - a +12 crystal plate armour (worn)
 F - a +1 pair of boots of flying (worn)
 K - a scarf of cloud immunity (worn)
 R - the +2 pair of gloves of the Evening Star (worn) {Regen+}
   (You took it off Nikola on level 2 of the Elven Halls)

   It increases your rate of regeneration.
Jewellery
 w - a +5 ring of slaying
 x - the ring of the Marlin (right hand) {rElec rPois MR+ Dex+3}
   (You bought it in a shop on level 1 of the Snake Pit)

   [ring of protection from magic]

   It affects your dexterity (+3).
   It insulates you from electricity.
   It protects you from poison.
   It affects your resistance to hostile enchantments.
 E - the ring "Feciacoo" (left hand) {*Contam rF+++ rC++ MR- Stlth-}
   (You found it on level 5 of the Depths)

   [ring of attention]

   It renders you almost immune to fire.
   It greatly protects you from cold.
   It affects your resistance to hostile enchantments.
   It causes magical contamination when unequipped.
   It makes you less stealthy.
 H - a +6 ring of protection
 J - an uncursed amulet of the acrobat
 T - the amulet of the Genius (around neck) {*Drain +Rage rElec Int+3 SInv}
   (You took it off a deep elf demonologist on level 3 of the Elven Halls)

   [amulet of rage]

   It affects your intelligence (+3).
   It insulates you from electricity.
   It lets you see invisible.
   It lets you go berserk.
   It causes draining when unequipped.
 V - the ring of the Enemy {*Tele rF+++ Dex-3 SInv}
   (You took it off a deep elf sorcerer on level 3 of the Elven Halls)

   [ring of teleportation]

   It may teleport you next to monsters.
   It affects your dexterity (-3).
   It renders you almost immune to fire.
   It lets you see invisible.
Wands
 f - a wand of digging (28)
 y - a wand of clouds (6)
 C - a wand of acid (32)
 O - a wand of iceblast (48)
 S - a wand of paralysis (32)
 W - a wand of flame (21)
Scrolls
 h - 11 scrolls of teleportation
 n - 28 scrolls of identify
 q - 6 scrolls of fear
 z - 9 scrolls of immolation
 B - 10 scrolls of fog
 D - 3 scrolls of blinking
 M - 6 scrolls of magic mapping
 N - 2 scrolls of summoning
 P - a scroll of torment
 Q - 4 scrolls of enchant weapon
 Z - 2 scrolls of silence
Potions
 c - 2 potions of haste
 e - 28 potions of curing
 j - 2 potions of cancellation
 k - 5 potions of might
 v - 2 potions of ambrosia
 A - 4 potions of heal wounds
 G - 2 potions of resistance
 I - 5 potions of magic
 L - 6 potions of flight
 U - 6 potions of agility
 X - 2 potions of invisibility
Miscellaneous
 i - 2 phantom mirrors
 p - a lightning rod (4/4)
 r - a phial of floods
 s - a lamp of fire
 t - 3 sacks of spiders
 Y - a fan of gales
Comestibles
 a - 6 chunks of flesh
 d - 82 rations


   Skills:
 - Level 20.0 Fighting
 - Level 18.0 Crossbows
 * Level 19.7 Armour
 - Level 2.6 Dodging
 - Level 2.1 Stealth
 O Level 27 Unarmed Combat
 * Level 17.8 Evocations


You had 26 spell levels left.
You didn't know any spells.
Your spell library contained the following spells:

 Spells                   Type           Power        Failure   Level  Hunger
 Animate Skeleton         Necr           N/A          99%         1    ##.....
 Apportation              Tloc           #.....       99%         1    ##.....
 Confusing Touch          Hex            #.....       99%         1    ##.....
 Corona                   Hex            #......      99%         1    ##.....
 Flame Tongue             Conj/Fire      #....        99%         1    ##.....
 Freeze                   Ice            #...         99%         1    ##.....
 Magic Dart               Conj           #...         99%         1    ##.....
 Sandblast                Erth           #.....       99%         1    ##.....
 Sting                    Conj/Pois      #...         99%         1    ##.....
 Summon Butterflies       Summ           #.......     99%         1    ##.....
 Summon Small Mammal      Summ           #...         99%         1    ##.....
 Blink                    Tloc           N/A          100%        2    ###....
 Ensorcelled Hibernation  Hex/Ice        #.....       100%        2    ###....
 Passwall                 Tmut/Erth      #.......     100%        2    ###....
 Poisonous Vapours        Pois/Air       #.....       100%        2    ###....
 Searing Ray              Conj           #.....       100%        2    ###....
 Shroud of Golubria       Chrm/Tloc      #.....       100%        2    ###....
 Sticks to Snakes         Tmut           #.......     100%        2    ###....
 Throw Flame              Conj/Fire      #.....       100%        2    ###....
 Throw Frost              Conj/Ice       #.....       100%        2    ###....
 Confuse                  Hex            #.......     100%        3    ####...
 Conjure Flame            Conj/Fire      #.......     100%        3    ####...
 Dazzling Spray           Conj/Hex       #.....       100%        3    ####...
 Gell's Gravitas          Tloc           #.........   100%        3    ####...
 Inner Flame              Hex/Fire       #.......     100%        3    ####...
 Lesser Beckoning         Tloc           #.........   100%        3    ####...
 Mephitic Cloud           Conj/Pois/Air  #.......     100%        3    ####...
 Ozocubu's Armour         Chrm/Ice       #.......     100%        3    ####...
 Portal Projectile        Hex/Tloc       #.....       100%        3    ####...
 Recall                   Summ/Tloc      N/A          100%        3    ####...
 Stone Arrow              Conj/Erth      #.....       100%        3    ####...
 Summon Guardian Golem    Hex/Summ       #.......     100%        3    ####...
 Teleport Other           Tloc           #.......     100%        3    ####...
 Tukima's Dance           Hex            #.......     100%        3    ####...
 Animate Dead             Necr           N/A          100%        4    #####..
 Cause Fear               Hex            #.........   100%        4    #####..
 Force Lance              Conj/Tloc      #.......     100%        4    #####..
 Fulminant Prism          Conj/Hex       #.........   100%        4    #####..
 Iskenderun's Mystic Bla  Conj           #.......     100%        4    #####..
 Leda's Liquefaction      Hex/Erth       #.........   100%        4    #####..
 Olgreb's Toxic Radiance  Pois           #.......     100%        4    #####..
 Passage of Golubria      Tloc           N/A          100%        4    #####..
 Petrify                  Tmut/Erth      #.......     100%        4    #####..
 Sticky Flame             Conj/Fire      #.......     100%        4    #####..
 Summon Ice Beast         Ice/Summ       #.......     100%        4    #####..
 Throw Icicle             Conj/Ice       #.......     100%        4    #####..
 Alistair's Intoxication  Tmut/Pois      #.......     100%        5    ######.
 Bolt of Magma            Conj/Fire/Erth #.........   100%        5    ######.
 Borgnjor's Vile Clutch   Necr/Erth      #.........   100%        5    ######.
 Fireball                 Conj/Fire      #.........   100%        5    ######.
 Iskenderun's Battlesphe  Conj/Chrm      #.......     100%        5    ######.
 Lee's Rapid Deconstruct  Erth           #.........   100%        5    ######.
 Silence                  Hex/Air        #.........   100%        5    ######.
 Venom Bolt               Conj/Pois      #.........   100%        5    ######.
 Yara's Violent Unravell  Hex/Tmut       #.........   100%        5    ######.
 Bolt of Fire             Conj/Fire      #.........   100%        6    #######
 Death Channel            Necr           #.........   100%        6    #######
 Deflect Missiles         Chrm/Air       #.........   100%        6    #######
 Dispersal                Tloc           #.........   100%        6    #######
 Invisibility             Hex            #.......     100%        6    #######
 Iron Shot                Conj/Erth      #.........   100%        6    #######
 Poison Arrow             Conj/Pois      #.........   100%        6    #######
 Simulacrum               Ice/Necr       #.........   100%        6    #######
 Malign Gateway           Summ/Tloc      #.........   100%        7    #######
 Orb of Destruction       Conj           #.........   100%        7    #######
 Spellforged Servitor     Conj/Summ      #.........   100%        7    #######
 Chain Lightning          Conj/Air       #.........   100%        8    #######
 Controlled Blink         Tloc           N/A          100%        8    #######
 Discord                  Hex            #.........   100%        8    #######
 Disjunction              Tloc           #.........   100%        8    #######
 Lehudib's Crystal Spear  Conj/Erth      #.........   100%        8    #######
 Fire Storm               Conj/Fire      #.........   100%        9    #######
 Glaciate                 Conj/Ice       #.........   100%        9    #######
 Shatter                  Erth           #.........   100%        9    #######
 Tornado                  Air            #.........   100%        9    #######
 Beastly Appendage        Tmut           Unusable     N/A         1    N/A
 Spider Form              Tmut/Pois      Unusable     N/A         3    N/A
 Ice Form                 Ice/Tmut       Unusable     N/A         4    N/A
 Blade Hands              Tmut           Unusable     N/A         5    N/A
 Statue Form              Tmut/Erth      Unusable     N/A         6    N/A

Dungeon Overview and Level Annotations

Branches:
Dungeon (15/15)            Temple (1/1) D:5            Lair (6/6) D:10
 Shoals (4/4) Lair:2        Snake (4/4) Lair:4        Slime (0/5) Lair:5
    Orc (2/2) D:12            Elf (3/3) Orc:2        Vaults (5/5) D:13
  Crypt (3/3) Vaults:2       Tomb (0/3) Crypt:3      Depths (5/5) D:15
    Zot (2/5) Depths:5    Ossuary (visited)           IceCv (visited)
Volcano (visited)

Altars:
Ashenzari
Cheibriados
Dithmenos
Elyvilon
Fedhas
Gozag
Hepliaklqana
Kikubaaqudgha
Makhleb
Nemelex Xobeh
Okawaru
Qazlal
Ru
Sif Muna
Trog
Uskayaw
Vehumet
Wu Jian
Xom
Yredelemnul
Zin
The Shining One
Beogh
Jiyva

Shops:
D:8 !   D:13 *   Orc:1 [   Orc:2 }%?(   Elf:1 (   Shoals:3 %   Snake:1 }}=
Snake:2 *   Vaults:1 %}[   Vaults:2 (?=   Vaults:4 *   Depths:4 ::
Depths:5 (*

Portals:
Hell: Depths:1 Depths:2 Depths:3 Depths:4 Depths:5
Abyss: Depths:4
Pandemonium: Depths:3 Depths:5
Ziggurat: Depths:3

Annotations:
Snake:3 1 runed translucent door, Utruxius's ghost, adept VSAs
Crypt:2 2 transporters, twist's ghost, veteran GrBe
Depths:1 exclusion: obsidian statue
Depths:4 2 runed translucent doors, Kratos's ghost, adept MiBe


Innate Abilities, Weirdness & Mutations

Your body is rotting away.
You thrive on raw meat.
You are immune to poison.
You have sharp fingernails.
You are carnivorous and can eat meat at any time.
Your flesh is cold resistant. (rC+)
You are immune to negative energy. (rN+++)
You do not regenerate when monsters are visible.
You are immune to unholy pain and torment.
You can survive without breathing.


Message History

Press ? for a list of commands and other information.
Welcome back, MrRokkomies the Ghoul Monk.
The Council says: Follow the path of wisdom and battle!
Press ? for a list of commands and other information.
Your blink will be uncontrolled - continue anyway? [Y]es or [N]o only, please.
Your blink will be uncontrolled - continue anyway? [Y]es or [N]o only, please.
Your blink will be uncontrolled - continue anyway?
Okay, then.
Aiming: Wall Jump
Press: ? - help, Dir - move target cursor You repeatedly attack the red draconian shifter from above.
You pummel the red draconian shifter!!
The red draconian shifter is moderately wounded.
You pummel the red draconian shifter like a punching bag!!!
You kill the red draconian shifter!
The Council accepts your kill. The death cob hits you!
You die...

....#(..$
#......# #.....#
#§☼§☼# #d§☼# ###
##§q§# . #...
##§dy☼##..
.....#☼z☼☼☼☼..#
#..§§@§§....#
#.§§☼☼§....#
...^.§§§§§##...#
..(.......# ....#
(.....#.........#
(......#.....
......# .......
...... #......
.##d. .#...#


You could see a white draconian (berserk), a death cob and a moth of wrath.

Vanquished Creatures
  An orb of fire (Zot:1)
  4 ancient liches
  Mennas (Crypt:3)
  A juggernaut (Depths:5)
  Boris (Vaults:5)
  Bai Suzhen (Vaults:5)
  Frederick (Crypt:3)
  Saint Roka (Elf:3)
  A caustic shrike (Depths:3)
  Margery (Depths:5)
  6 golden dragons
  the Enchantress (Depths:5)
  Nikola (Elf:2)
  Jory (Vaults:5)
  2 bone dragons
  Jorgrun (Elf:1)
  An electric golem (Zot:1)
  3 tentacled monstrosities
  A deep elf blademaster (Elf:3)
  3 liches
  A deep elf master archer (Elf:3)
  2 titans
  3 sphinxes
  3 quicksilver dragons (Vaults:5)
  3 ancient champions
  3 death cobs (Zot:1)
  A tentacled starspawn (Abyss:5)
  Agnes (Snake:1)
  6 storm dragons
  4 shadow dragons
  3 draconian monks
  9 tengu reavers
  Donald (Elf:3)
  2 revenants (Crypt:1)
  14 deep elf sorcerers
  7 frost giants
  7 nagarajas (Snake:4)
  13 fire giants
  5 draconian knights
  Louise (Snake:1)
  13 vault wardens
  A ghoul (Vaults:3)
  Aizul (Shoals:2)
  2 curse skulls
  13 ironheart preservers
  2 draconian shifters
  4 deep elf elementalists
  4 draconian stormcallers
  8 very ugly things
  2 juggernaut skeletons (Crypt:2)
  5 war gargoyles
  4 spriggan defenders (Depths:5)
  25 stone giants
  7 vampire knights
  7 deep elf demonologists
  5 red draconians
  5 green draconians (Zot:1)
  5 purple draconians
  A yellow draconian (Zot:1)
  6 black draconians
  6 deep elf annihilators
  4 white draconians
  2 merfolk javelineers
  4 spark wasps
  9 ettins
  3 eidola
  2 green deaths
  7 merfolk impalers (Shoals:4)
  A fire dragon (shapeshifter) (Vaults:5)
  A crystal guardian (Vaults:3)
  6 deep elf death magi
  12 jiangshi
  21 fire dragons
  20 yaktaur captains
  8 deep elf high priests
  A great orb of eyes (shapeshifter) (Depths:5)
  Fannar (D:12)
  7 rakshasas
  7 ice dragons
  12 great orbs of eyes
  A catoblepas (Lair:4)
  5 hydras
  21 naga warriors
  32 vault guards
  4 spriggan air magi
  A juggernaut simulacrum (Depths:3)
  8 ogre magi
  2 merfolk avatars (Shoals:4)
  A quicksilver dragon skeleton (Crypt:3)
  An alligator snapping turtle (Shoals:2)
  13 centaur warriors
  21 dancing weapons
  4 satyrs (Shoals:4)
  3 merfolk aquamancers
  An alligator (shapeshifter) (Vaults:5)
  4 anacondas
  12 deep troll shamans
  The ghost of Arixos the Martial Artist, a novice DsMo of Ru (D:11)
  22 two-headed ogres
  5 death knights
  3 orc high priests (Orc:2)
  Urug (D:11)
  13 naga sharpshooters
  6 deep troll earth magi
  A queen ant (D:8)
  3 death yaks (Lair:6)
  4 shock serpents
  4 spriggan berserkers
  2 tengu warriors
  5 small abominations
  4 sun demons (Depths:1)
  9 vampire magi
  A soul eater (Depths:1)
  19 deep elf knights
  Nergalle (Lair:3)
  Sonja (Lair:3)
  An iron troll (Depths:3)
  24 hell knights
  5 wretched stars
  26 deep trolls
  A salamander mystic (Snake:2)
  2 storm dragon skeletons
  A spark wasp zombie (D:15)
  12 sea snakes
  A shadow wraith (Vaults:5)
  An unseen horror (Vaults:1)
  38 skeletal warriors
  4 glowing orange brains
  9 phantasmal warriors
  A wizard (Vaults:3)
  3 flayed ghosts
  An entropy weaver zombie (Crypt:2)
  A shadow dragon zombie (Crypt:3)
  29 deep elf archers
  33 harpies
  16 ironbrand convokers
  7 naga ritualists
  2 oklob plants (Lair:3)
  2 tengu zombies
  10 wolf spiders
  12 necromancers
  A shadow demon (Depths:1)
  8 fauns
  9 mana vipers
  9 orc sorcerers
  A golden dragon skeleton (Crypt:1)
  32 ugly things
  A sphinx skeleton (Depths:3)
  67 deep elf magi
  2 shadow dragon skeletons (Crypt:1)
  9 salamanders
  3 frost giant zombies
  10 cyclopes
  2 iron dragon skeletons (Crypt:3)
  18 orc knights
  14 vault sentinels
  15 manticores
  4 human skeletons
  A fire giant skeleton (Crypt:3)
  A frost giant skeleton (Vaults:5)
  5 moths of wrath
  An apocalypse crab (Abyss:5)
  5 guardian serpents
  A dire elephant zombie (Crypt:3)
  13 merfolk sirens
  A guardian serpent (shapeshifter) (Depths:2)
  53 black mambas
  A water nymph (shapeshifter) (Depths:3)
  A stone giant skeleton (Vaults:5)
  2 ice statues (IceCv)
  2 rust devils (Depths:3)
  14 elephants
  An eye of devastation (shapeshifter) (Depths:2)
  Psyche (D:8)
  7 smoke demons
  2 torpor snails (shapeshifter)
  15 spiny frogs
  27 naga magi
  A torpor snail (Lair:4)
  An orange demon (Depths:1)
  7 water nymphs
  A black mamba (shapeshifter) (Depths:5)
  5 gargoyles
  An efreet (Abyss:5)
  2 spriggan skeletons
  4 rime drakes
  9 freezing wraiths
  57 yaktaurs
  8 starcursed masses (Abyss:5)
  5 komodo dragons
  A grey draconian zombie (Crypt:1)
  4 ice devils
  A golden dragon simulacrum (Vaults:5)
  A catoblepas skeleton (Crypt:1)
  A yaktaur skeleton (D:15)
  A guardian mummy (D:15)
  A queen ant zombie (Crypt:1)
  2 ancient zymes (Abyss:5)
  2 red devils (Crypt:3)
  A minotaur skeleton (Crypt:2)
  A merfolk (shapeshifter) (Depths:5)
  A hydra zombie (Crypt:1)
  8 wind drakes
  2 jumping spiders (shapeshifter) (Vaults:5)
  8 hornets
  7 trolls
  2 trolls (shapeshifter)
  24 merfolk
  A wind drake (shapeshifter) (Vaults:3)
  A hornet (shapeshifter) (Vaults:4)
  A shadow dragon simulacrum (Depths:3)
  2 fire dragon zombies
  A sphinx simulacrum (Depths:3)
  A raiju (Abyss:5)
  An ettin zombie (Crypt:3)
  17 slime creatures
  8 blink frogs
  15 hippogriffs
  A meliai zombie (D:15)
  A frost giant simulacrum (Depths:3)
  2 hippogriffs (shapeshifter)
  7 dream sheep
  A dream sheep (shapeshifter) (Depths:5)
  5 flying skulls (Crypt:1)
  2 stone giant simulacra
  8 snapping turtles
  5 vampires (Crypt:3)
  12 wraiths
  A ynoxinul (Depths:3)
  6 shadows
  A redback (Lair:6)
  3 spriggans (shapeshifter)
  An ice dragon skeleton (Crypt:3)
  A guardian serpent skeleton (Crypt:2)
  A tarantella (shapeshifter) (D:15)
  16 water elementals
  2 air elementals
  2 fire elementals (Elf:2)
  3 hogs (D:7)
  A spriggan (Depths:5)
  5 fire bats (Volcano)
  3 basilisks
  2 humans (shapeshifter)
  A human (D:7)
  22 wyverns
  31 yaks
  5 hungry ghosts
  2 steam dragons (Volcano)
  9 vampire mosquitoes (D:13)
  4 large abominations (Abyss:5)
  35 nagas
  2 deep troll zombies
  3 wargs
  A naga (shapeshifter) (Depths:1)
  4 insubstantial wisps (Abyss:5)
  6 acid dragons
  20 soldier ants
  A soldier ant (shapeshifter) (D:14)
  39 water moccasins
  A deep troll skeleton (Vaults:5)
  3 floating eyes
  A two-headed ogre skeleton (Crypt:1)
  36 orc warriors
  7 porcupines
  A hornet zombie (Crypt:1)
  A merfolk skeleton (Crypt:2)
  An elf zombie (Vaults:2)
  An eye of draining (shapeshifter) (Depths:1)
  16 ice beasts
  3 sky beasts
  7 phantoms
  A black bear (D:5)
  2 eyes of draining
  A snapping turtle zombie (Crypt:3)
  A fire dragon simulacrum (Abyss:2)
  2 necrophages
  4 wolves (Lair:3)
  A centaur (shapeshifter) (Depths:3)
  28 ogres
  18 boggarts
  An ogre (shapeshifter) (D:15)
  A snapping turtle skeleton (Crypt:3)
  12 centaurs
  17 crocodiles
  A swamp dragon skeleton (Crypt:3)
  A big kobold (D:7)
  17 bullfrogs
  2 earth elementals (Elf:3)
  A deep troll simulacrum (Vaults:2)
  A hornet simulacrum (Vaults:1)
  5 scorpions
  A wyvern skeleton (D:8)
  5 killer bees (D:9)
  5 electric eels
  24 wights
  4 howler monkeys
  12 crimson imps
  A human simulacrum (Vaults:1)
  3 jellies
  7 bullfrog zombies
  6 centaur zombies
  A black bear zombie (Crypt:1)
  6 centaur skeletons
  14 hounds
  3 iron imps (Depths:1)
  2 human zombies
  3 bullfrog skeletons
  A gnoll shaman (D:6)
  15 orc priests
  A basilisk zombie (Crypt:1)
  7 iguanas
  Natasha (thrice) (D:4)
  31 orc wizards
  A worker ant (shapeshifter) (Vaults:5)
  A hell rat (D:10)
  29 worker ants
  3 killer bee zombies
  A sky beast zombie (Crypt:2)
  A big kobold skeleton (Crypt:1)
  A hound zombie (Ossuary)
  3 hound skeletons
  18 mummies (Ossuary)
  3 worker ant zombies
  10 gnolls
  13 adders
  A river rat (D:10)
  A steam dragon skeleton (Crypt:1)
  4 shadow imps
  3 white imps (Depths:1)
  3 adder zombies (Ossuary)
  2 adder skeletons
  3 worms
  2 dart slugs (D:2)
  3 leopard geckos
  94 orcs
  8 ball pythons
  6 bats
  2 giant cockroaches
  9 goblins
  6 hobgoblins
  4 jackals
  12 kobolds
  8 quokkas
  5 frilled lizards
  A giant cockroach zombie (Ossuary)
  A goblin skeleton (Crypt:1)
  A goblin zombie (Crypt:2)
  2 jackal skeletons
  3 leopard gecko zombies
  An orc skeleton (Crypt:1)
  A quokka zombie (Ossuary)
  10 rats
  A spectral orc (D:5)
  2 plants
2343 creatures vanquished.

Vanquished Creatures (collateral kills)
  Sojobo (Crypt:2)
  A tengu reaver (Crypt:2)
2 creatures vanquished.

Vanquished Creatures (others)
  A tengu reaver (Crypt:2)
  A vault warden (Vaults:2)
  A balrug (Abyss:5)
  A stone giant (Vaults:3)
  A satyr (Shoals:4)
  A deep elf mage (Elf:2)
  A naga (Snake:4)
  3 adders (D:4)
  2 orcs (D:4)
  A quokka (D:14)
  6 fungi
  A lurking horror (Abyss:5)
  17 plants
  4 starspawn tentacles (Abyss:5)
  5 withered plants
46 creatures vanquished.

Grand Total: 2391 creatures vanquished

Notes
Turn   | Place    | Note
-------+----------+-------------------------------------------
     0 | D:1      | MrRokkomies the Ghoul Monk began the quest for the Orb.
     0 | D:1      | Reached XP level 1. HP: 19/19 MP: 0/0
   231 | D:1      | Reached XP level 2. HP: 26/26 MP: 1/1
   799 | D:2      | Reached skill level 4 in Unarmed Combat
   799 | D:2      | Reached XP level 3. HP: 25/33 MP: 2/2
  1181 | D:2      | Found an opulent altar of Gozag.
  1526 | D:3      | Reached XP level 4. HP: 32/41 MP: 3/3
  1563 | D:3      | Found a glowing silver altar of Zin.
  1563 | D:3      | Found a hide-covered altar of Uskayaw.
  1689 | D:3      | Found a hazy altar of Hepliaklqana.
  2349 | D:3      | Reached XP level 5. HP: 46/47 MP: 4/4
  2396 | D:3      | Found an iron altar of Okawaru.
  2452 | D:4      | Noticed Natasha
  2459 | D:4      | Killed Natasha
  2459 | D:4      | Reached skill level 5 in Fighting
  2459 | D:4      | Reached skill level 5 in Unarmed Combat
  2740 | D:4      | Noticed a phantom
  2743 | D:4      | Noticed a phantom
  2775 | D:4      | Noticed a phantom
  2795 | D:4      | Killed a phantom
  2795 | D:4      | Reached XP level 6. HP: 14/57 MP: 5/5
  3138 | D:4      | Killed a phantom
  3138 | D:4      | Reached skill level 6 in Unarmed Combat
  3156 | D:4      | Killed a phantom
  3156 | D:4      | Reached XP level 7. HP: 39/64 MP: 6/6
  3459 | D:4      | Noticed Natasha
  3463 | D:4      | Killed Natasha
  3509 | D:4      | Found a shimmering altar of Xom.
  3524 | D:4      | Reached skill level 7 in Unarmed Combat
  3894 | D:4      | Noticed Natasha
  3905 | D:4      | Killed Natasha
  3993 | D:4      | Reached XP level 8. HP: 61/74 MP: 7/7
  4267 | D:5      | Entered Level 5 of the Dungeon
  4393 | D:5      | Reached skill level 8 in Unarmed Combat
  4552 | D:5      | Found a staircase to the Ecumenical Temple.
  4563 | Temple   | Entered the Ecumenical Temple
  4650 | Temple   | Became a worshipper of the Wu Jian Council
  4650 | Temple   | Reached * piety under Wu Jian
  4650 | Temple   | Reached ** piety under Wu Jian
  4893 | D:5      | Found a basalt altar of Yredelemnul.
  5097 | D:6      | Reached skill level 9 in Unarmed Combat
  5113 | D:6      | Reached XP level 9. HP: 80/83 MP: 8/8
  5522 | D:6      | Found an ornate altar of the Wu Jian Council.
  5823 | D:7      | Reached skill level 10 in Fighting
  5823 | D:7      | Reached skill level 10 in Unarmed Combat
  5854 | D:7      | Reached *** piety under Wu Jian
  5868 | D:7      | HP: 2/85 [orc warrior/+0 halberd (8)]
  6563 | D:7      | Reached skill level 11 in Unarmed Combat
  6563 | D:7      | Reached XP level 10. HP: 52/95 MP: 9/9
  6741 | D:8      | Found a sand-covered staircase.
  6750 | Ossuary  | Entered an ossuary
  6808 | Ossuary  | Reached **** piety under Wu Jian
  7274 | D:8      | Found Nethaasku's Distillery.
  7335 | D:8      | Reached skill level 12 in Unarmed Combat
  7426 | D:8      | Noticed Psyche
  7430 | D:8      | Killed Psyche
  7475 | D:8      | Found an ancient bone altar of Kikubaaqudgha.
  7480 | D:8      | Found a sacrificial altar of Ru.
  7481 | D:8      | Found a sparkling altar of Nemelex Xobeh.
  7507 | D:8      | HP: 4/97 [something/magic dart (5)]
  8239 | D:8      | Noticed a queen ant
  8258 | D:8      | Reached ***** piety under Wu Jian
  8277 | D:8      | Killed a queen ant
  8277 | D:8      | Reached XP level 11. HP: 56/105 MP: 10/10
  8291 | D:8      | Reached skill level 13 in Unarmed Combat
  9219 | D:9      | Got a pitted plate armour
  9232 | D:9      | Identified the cursed +1 plate armour of Omo Omes {Str+6
                  | Dex+4} (You found it on level 9 of the Dungeon)
  9313 | D:10     | Entered Level 10 of the Dungeon
  9539 | D:10     | Noticed a death yak
  9540 | D:10     | Found a staircase to the Lair.
  9540 | D:10     | Noticed a death yak
  9540 | D:10     | Noticed a death yak
 10198 | D:10     | Reached skill level 14 in Unarmed Combat
 10411 | Lair:1   | Entered Level 1 of the Lair of Beasts
 10455 | Lair:1   | Reached skill level 1 in Armour
 10471 | Lair:1   | Noticed a four-headed hydra
 10481 | Lair:1   | Killed a four-headed hydra
 10688 | Lair:1   | Reached XP level 12. HP: 117/117 MP: 11/11
 10702 | Lair:1   | Reached ****** piety under Wu Jian
 11554 | Lair:2   | Found a frozen archway.
 11634 | IceCv    | Entered an ice cave
 11641 | IceCv    | Found a transporter.
 11803 | IceCv    | Found a transporter.
 11828 | IceCv    | Identified Dogauzem's Handbook of Earth
 11849 | Lair:2   | Identified a scroll of acquirement
 11933 | Lair:2   | Reached skill level 15 in Fighting
 11933 | Lair:2   | Reached skill level 15 in Unarmed Combat
 12006 | Lair:2   | Reached skill level 1 in Crossbows
 12564 | Lair:2   | Found a staircase to the Shoals.
 12880 | Lair:3   | Noticed Sonja
 12882 | Lair:3   | Killed Sonja
 13255 | Lair:3   | Reached skill level 5 in Armour
 13391 | Lair:3   | Reached XP level 13. HP: 69/125 MP: 12/12
 13637 | Lair:3   | Noticed Nergalle
 13658 | Lair:3   | Killed Nergalle
 14224 | Lair:3   | Reached skill level 16 in Unarmed Combat
 14561 | Lair:4   | Found a dark tunnel.
 14570 | Volcano  | Entered a volcano
 14781 | Volcano  | Noticed a fire dragon
 14798 | Volcano  | Killed a fire dragon
 14974 | Lair:4   | Found a staircase to the Snake Pit.
 15050 | Lair:4   | Reached skill level 5 in Crossbows
 15051 | Lair:4   | Reached XP level 14. HP: 32/135 MP: 13/13
 15896 | Lair:5   | Reached skill level 17 in Unarmed Combat
 16410 | Lair:5   | Found a viscous altar of Jiyva.
 16410 | Lair:5   | Found a staircase to the Slime Pits.
 16512 | Lair:6   | Entered Level 6 of the Lair of Beasts
 17425 | Lair:6   | Reached skill level 10 in Armour
 17734 | Lair:6   | Reached skill level 18 in Unarmed Combat
 17989 | D:11     | Noticed Urug
 17997 | D:11     | Killed Urug
 17997 | D:11     | Reached XP level 15. HP: 100/141 MP: 14/14
 18459 | D:11     | Found a runed translucent door.
 18465 | D:11     | Noticed Arixos's ghost (novice DsMo)
 18964 | D:12     | Noticed Fannar
 18974 | D:12     | Killed Fannar
 19040 | D:12     | Found a staircase to the Orcish Mines.
 19370 | Orc:1    | Entered Level 1 of the Orcish Mines
 19387 | Orc:1    | Found Joemewoi's Antique Armour Shoppe.
 19517 | Orc:1    | Found a roughly hewn altar of Beogh.
 19672 | Orc:2    | Entered Level 2 of the Orcish Mines
 20008 | Orc:2    | Found Qioxzani's Antique Weapon Emporium.
 20115 | Orc:2    | Found a staircase to the Elven Halls.
 20311 | Orc:2    | Found Papaop's Gadget Emporium.
 20312 | Orc:2    | Found Tafuiff's Magic Scroll Boutique.
 20312 | Orc:2    | Found Jutel's Food Boutique.
 20458 | Orc:2    | Bought a phial of floods for 560 gold pieces
 20458 | Orc:2    | Bought a lamp of fire for 560 gold pieces
 20458 | Orc:2    | Bought a sack of spiders for 280 gold pieces
 20458 | Orc:2    | Bought a wand of clouds (5) for 378 gold pieces
 20666 | D:13     | Found Dehof's General Store.
 20670 | D:13     | Bought a scroll of enchant armour for 90 gold pieces
 20670 | D:13     | Bought a phantom mirror for 360 gold pieces
 20671 | D:13     | Bought a +0 pair of boots for 54 gold pieces
 20742 | D:13     | Reached skill level 1 in Evocations
 20752 | D:13     | Reached skill level 19 in Unarmed Combat
 20776 | D:13     | Found a gate to the Vaults.
 21314 | D:14     | Reached XP level 16. HP: 146/149 MP: 17/17
 21721 | D:14     | Found a white marble altar of Elyvilon.
 21822 | D:14     | You fall into a shaft and drop 1 floor!
 21822 | D:15     | Entered Level 15 of the Dungeon
 22965 | D:15     | Found a staircase to the Depths.
 23047 | D:15     | Reached skill level 5 in Evocations
 23436 | Snake:1  | Entered Level 1 of the Snake Pit
 23436 | Snake:1  | Noticed Louise
 23448 | Snake:1  | Killed Louise
 23654 | Snake:1  | Noticed Agnes
 23659 | Snake:1  | Killed Agnes
 24375 | Snake:1  | Found Qeuffutz's Jewellery Emporium.
 24375 | Snake:1  | Found Jisypn's Gadget Shop.
 24376 | Snake:1  | Found Ebuwangu's Gadget Shop.
 24619 | Snake:2  | Found Rod Vean's General Store.
 24664 | Snake:2  | Reached skill level 20 in Unarmed Combat
 25347 | Snake:2  | Reached XP level 17. HP: 155/156 MP: 21/21
 25698 | Snake:3  | Found a runed translucent door.
 25699 | Snake:3  | Noticed Utruxius's ghost (adept VSAs)
 26165 | Snake:4  | Entered Level 4 of the Snake Pit
 26220 | Snake:4  | Reached skill level 10 in Crossbows
 26495 | Snake:4  | Reached skill level 21 in Unarmed Combat
 26827 | Snake:4  | Reached skill level 10 in Evocations
 26842 | Snake:4  | Reached XP level 18. HP: 103/162 MP: 24/24
 26988 | Snake:4  | Got a serpentine rune of Zot
 27628 | Shoals:1 | Entered Level 1 of the Shoals
 28835 | Shoals:2 | Noticed Aizul
 28842 | Shoals:2 | Killed Aizul
 29306 | Shoals:3 | Found Botu Ybb's Food Emporium.
 29421 | Shoals:3 | Cast into level 2 of the Abyss (merfolk javelineer)
 29569 | Shoals:3 | Escaped the Abyss
 29790 | Shoals:4 | Entered Level 4 of the Shoals
 29985 | Shoals:4 | Reached skill level 22 in Unarmed Combat
 30029 | Shoals:4 | Got a barnacled rune of Zot
 30234 | Shoals:4 | Got a slimy lead ring
 30235 | Shoals:4 | Identified the ring of Vaosuhad {Fire rPois Int-2 Dex+6
                  | Stlth+} (You found it on level 4 of the Shoals)
 30387 | Shoals:4 | Reached XP level 19. HP: 145/170 MP: 26/26
 30706 | Shoals:4 | Identified the Volume of the Spatial Mountains
 31013 | Snake:1  | Bought the ring of the Marlin {rElec rPois MR+ Dex+3} for
                  | 891 gold pieces
 31189 | D:11     | Killed Arixos's ghost
 31302 | Vaults:1 | Entered Level 1 of the Vaults
 31443 | Vaults:1 | Found Plog's Gadget Boutique.
 31527 | Vaults:1 | Found Kesenkou's Antique Armour Shoppe.
 32607 | Vaults:1 | Found Qerri's Food Shop.
 32763 | Vaults:2 | Found Idwoyt's Weapon Shoppe.
 33120 | Vaults:2 | Reached skill level 23 in Unarmed Combat
 33223 | Vaults:2 | Reached XP level 20. HP: 120/181 MP: 27/27
 33289 | Vaults:2 | Found Ceiwn's Magic Scroll Emporium.
 33406 | Vaults:2 | Found Coarag's Jewellery Shoppe.
 33683 | Vaults:2 | Found a staircase to the Crypt.
 35855 | Vaults:4 | Found Hecalil's Assorted Antiques.
 35881 | Vaults:4 | Reached XP level 21. HP: 143/191 MP: 28/28
 35955 | Vaults:4 | Reached skill level 15 in Crossbows
 35955 | Vaults:4 | Reached skill level 24 in Unarmed Combat
 37502 | Vaults:1 | Bought a pair of steaming gloves for 399 gold pieces
 37502 | Vaults:1 | Bought a glowing cloak for 315 gold pieces
 37507 | Vaults:1 | Identified the +3 pair of gloves of Leaves {rPois} (You
                  | bought it in a shop on level 1 of the Vaults)
 37697 | Elf:1    | Entered Level 1 of the Elven Halls
 37884 | Elf:1    | Noticed Jorgrun
 37898 | Elf:1    | Found Kocel's Weapon Emporium.
 37904 | Elf:1    | Killed Jorgrun
 38567 | Elf:1    | Identified the Grimoire of Duck's Teeth
 39199 | Elf:2    | Identified the +2 pair of gloves of the Evening Star
                  | {Regen+}
 39199 | Elf:2    | Noticed Nikola
 39216 | Elf:2    | Killed Nikola
 39365 | Elf:2    | Found a runed translucent gate.
 39365 | Elf:2    | Found a runed translucent gate.
 39366 | Elf:2    | Found a runed translucent gate.
 39631 | Elf:2    | Reached XP level 22. HP: 54/201 MP: 29/29
 40206 | Elf:3    | Entered Level 3 of the Elven Halls
 40641 | Elf:3    | Noticed Donald
 40644 | Elf:3    | Reached skill level 25 in Unarmed Combat
 40652 | Elf:3    | Killed Donald
 41008 | Elf:3    | Noticed Saint Roka
 41024 | Elf:3    | Killed Saint Roka
 41243 | Elf:3    | Identified the ring of Istac {*Tele rPois MR+ Str+4}
 41250 | Elf:3    | Identified the cursed +2 flail "Pytyesab" {crush, rF+ SInv}
 41250 | Elf:3    | Identified the ring of the Enemy {*Tele rF+++ Dex-3 SInv}
 41331 | Elf:3    | Identified the +8 battleaxe "Hiuliwir" {speed, MR+ Int+10}
 41331 | Elf:3    | Identified the amulet of the Genius {*Drain +Rage rElec
                  | Int+3 SInv}
 41346 | Elf:3    | Got a crude tin ring
 41347 | Elf:3    | Identified the ring "Latzusin" {+Fly rN++ EV+6 Str+4
                  | Slay-3} (You acquired it on level 3 of the Elven Halls)
 41500 | Elf:3    | Identified the cursed +2 glaive "Vozyxzon" {pain, Int+3}
 42115 | Crypt:1  | Entered Level 1 of the Crypt
 42825 | Crypt:1  | You fall into a shaft and drop 1 floor!
 42828 | Crypt:2  | Noticed Sojobo
 42862 | Crypt:2  | Reached XP level 23. HP: 184/211 MP: 30/30
 43232 | Crypt:2  | Killed Sojobo
 43340 | Crypt:2  | Noticed twist's ghost (veteran GrBe)
 43370 | Crypt:2  | Found a transporter.
 43573 | Crypt:2  | Found a transporter.
 44185 | Crypt:1  | You fall into a shaft and drop 1 floor!
 44397 | Crypt:3  | Entered Level 3 of the Crypt
 44401 | Crypt:3  | Noticed Mennas
 44421 | Crypt:3  | Killed Mennas
 44643 | Crypt:3  | Reached skill level 26 in Unarmed Combat
 45167 | Crypt:3  | Found an ancient bone altar of Kikubaaqudgha.
 45169 | Crypt:3  | Noticed an ancient lich
 45428 | Crypt:3  | Found a staircase to the Tomb.
 45436 | Crypt:3  | Noticed Frederick
 45448 | Crypt:3  | Killed Frederick
 45621 | Crypt:3  | Identified the Tome of Aerial Malediction
 45982 | Crypt:3  | Noticed an ancient lich
 45993 | Crypt:3  | Killed an ancient lich
 46091 | Crypt:3  | Killed an ancient lich
 46096 | Crypt:3  | Noticed an ancient lich
 46109 | Crypt:3  | Killed an ancient lich
 46420 | Crypt:2  | Upgraded the game from 0.25-a0-98-g0cf78c2f83 to
                  | 0.25-a0-100-g33052ceff8
 46623 | Depths:1 | Entered Level 1 of the Depths
 46729 | Depths:1 | Reached XP level 24. HP: 128/221 MP: 30/30
 46850 | Depths:1 | Found a gateway to Hell.
 47884 | Depths:2 | Identified the +7 glaive of the Vulture {flame, rF++}
 48746 | Depths:3 | Noticed a caustic shrike
 48771 | Depths:3 | Found a gateway to a ziggurat.
 48889 | Depths:3 | Reached skill level 27 in Unarmed Combat
 48925 | Depths:3 | Killed a caustic shrike
 49017 | Depths:3 | Paralysed by a floating eye for 3 turns
 49554 | Depths:3 | Found a one-way gate leading to the halls of Pandemonium.
 50040 | Depths:4 | Found a large runed translucent door.
 50041 | Depths:4 | Found a large runed translucent door.
 50042 | Depths:4 | Noticed Kratos's ghost (adept MiBe)
 50166 | Depths:4 | Found Tiggiesk's Book Emporium.
 50166 | Depths:4 | Found Zoeclupt's Book Shoppe.
 50182 | Depths:4 | Reached XP level 25. HP: 153/231 MP: 30/30
 50214 | Depths:4 | Reached skill level 15 in Armour
 50419 | Depths:4 | Identified the +10 war axe of Ysmyta {flame, rN+ SInv}
 50551 | Depths:4 | Found a one-way gate to the infinite horrors of the Abyss.
 50844 | Depths:5 | Entered Level 5 of the Depths
 50976 | Depths:5 | Got a glittering granite ring
 50977 | Depths:5 | Identified the ring "Davops" {Int+2 Stlth+} (You found it
                  | on level 5 of the Depths)
 51041 | Depths:5 | Found a gate to the Realm of Zot.
 51081 | Depths:5 | Paralysed by a floating eye for 3 turns
 51101 | Depths:5 | Got a steaming copper ring
 51102 | Depths:5 | Identified the ring "Acukloyx" {rElec MR- Int+3 Dex+3} (You
                  | found it on level 5 of the Depths)
 51135 | Depths:5 | Noticed Margery
 51144 | Depths:5 | Killed Margery
 51266 | Depths:5 | Got a steaming marble ring
 51267 | Depths:5 | Identified the ring "Feciacoo" {*Contam rF+++ rC++ MR-
                  | Stlth-} (You found it on level 5 of the Depths)
 51347 | Depths:5 | Found Mouffiaw's Antique Weapon Emporium.
 51489 | Depths:5 | Noticed the Enchantress
 51516 | Depths:5 | Killed the Enchantress
 51662 | Depths:5 | Found Maolitz's General Store.
 51681 | Depths:5 | Noticed a juggernaut
 51688 | Depths:5 | Killed a juggernaut
 52058 | Vaults:5 | Entered Level 5 of the Vaults
 52061 | Vaults:5 | Reached XP level 26. HP: 226/239 MP: 32/32
 52065 | Vaults:5 | Noticed an ancient lich
 52066 | Vaults:5 | Cast into level 5 of the Abyss (an ancient lich)
 52066 | Abyss:5  | Entered Level 5 of the Abyss
 52073 | Abyss:5  | Got a heavily runed steel amulet
 52074 | Abyss:5  | Identified the amulet "Iqeofekk" {RegenMP Int+4} (You found
                  | it on level 5 of the Abyss)
 52162 | Vaults:5 | Escaped the Abyss
 52299 | Vaults:5 | Noticed Boris
 52305 | Vaults:5 | Killed Boris
 52343 | Vaults:5 | Noticed Jory
 52361 | Vaults:5 | Killed Jory
 52375 | Vaults:5 | Reached skill level 15 in Evocations
 52735 | Vaults:5 | Cast into level 5 of the Abyss (an ancient lich)
 52735 | Abyss:5  | Entered Level 5 of the Abyss
 52974 | Vaults:5 | Escaped the Abyss
 52986 | Vaults:5 | Killed an ancient lich
 53330 | Vaults:5 | Got a silver rune of Zot
 53331 | Vaults:5 | Identified the Grimoire of Transformation and Cold
 53707 | Vaults:5 | Noticed Bai Suzhen
 53715 | Vaults:5 | Killed Bai Suzhen
 53715 | Vaults:5 | Reached XP level 27. HP: 220/246 MP: 34/34
 54604 | Zot:1    | Entered Level 1 of the Realm of Zot
 55247 | Zot:1    | Noticed an orb of fire
 55283 | Zot:1    | Killed an orb of fire
 55797 | Zot:2    | HP: 5/246 [death cob (15)]
 55798 | Zot:2    | Mangled by a death cob

Levels and vault maps discovered:
D:1:      ncdulo_halloftheorcs, layout_basic
D:2:      layout_loops_cross, old_standard_altar
D:3:      layout_basic, lemuel_crystal_altar, lemuel_crystal_altar,
          nicolae_overflow_hidden_temple
D:4:      layout_loops_ring, xom_confusion_cloud, uniq_natasha
D:5:      layout_rooms, yredelemnul_forgotten_temple_becter,
          minmay_temple_entry_statues_fountains, first_ration,
          minmay_fractal_squares_diagonal_5
D:6:      layout_gridville, basic_altar
D:7:      corexii_shack_village, layout_basic, grunt_livestock
D:8:      layout_basic, lemuel_crystal_altar,
          chequers_temple_overflow_statue_of_worship,
          nicolae_ossuary_entry_ruins, serial_shops, shop, minivault_29,
          uniq_psyche
D:9:      layout_loops_ring
D:10:     layout_loops_corners, dpeg_lair_monsters
D:11:     layout_rooms, ebering_ghost_inner_flame, uniq_urug
D:12:     layout_basic, orc_0_dummy, drop_trap, uniq_fannar
D:13:     layout_loops_ring, skrybe_vaults_entry_preservation, serial_shops,
          shop_fountains
D:14:     layout_basic, elyvilon_altar_4
D:15:     gammafunk_depths_entry_grave, layout_basic, eino_curves_02
Temple:   nicolae_temple_hex_pool
Lair:1:   layout_cave_pods, grunt_megastairs_2
Lair:2:   layout_regular_city, elwin_shoals_entry_rooms,
          portal_ice_cave_entry_ice_beasts, chequers_serial_rivers_room_b,
          minivault_27, chequers_serial_rivers_micro_a, serial_bayou_pond_e,
          serial_bayou_lagoon_b
Lair:3:   layout_chaotic_city, st_stairs_6, chequers_serial_rivers_micro_c,
          minmay_lair_oklob_chamber, uniq_sonja, uniq_nergalle
Lair:4:   layout_regular_city, minmay_snake_entry_six_corridors, enter_volcano_2
Lair:5:   layout_hall_layers, dpeg_slime_entry_enclosed_altar, st_stairs_9
Lair:6:   hangedman_lair_tendril_chambers, layout_cave_pods
Shoals:1: layout_shoals
Shoals:2: layout_shoals, uniq_aizul
Shoals:3: layout_shoals, serial_shops, nicolae_shop_statue_plus
Shoals:4: shoals_end_simple, layout_shoals
Snake:1:  layout_chambers, grunt_ministairs_8, minmay_shop_grove, uniq_louise,
          uniq_agnes
Snake:2:  layout_rooms, serial_shops, nicolae_shop_trees, hangedman_venom_bottle
Snake:3:  layout_rooms, gammafunk_ghost_grave, serial_bayou_shore_b
Snake:4:  snake_pit, layout_gridlike, nicolae_snake_springs
Orc:1:    layout_diamond_mine, serial_shops, nicolae_shop_window_shopping,
          basic_altar, abandoned_shop, statue_in_the_mist_lemuel,
          lightli_church_of_beogh
Orc:2:    st_orc_elflike, layout_diamond_mine
Elf:1:    layout_loops_cross, serial_shops,
          nicolae_shop_competitors_out_of_business, minmay_elf_sorcery,
          hangedman_elf_represent, uniq_jorgrun
Elf:2:    layout_loops_corners, uniq_nikola
Elf:3:    minmay_elf_hall_quartered_circle, layout_geoelf_castle, uniq_donald,
          uniq_saint_roka
Vaults:1: vaults_room_door_hall, v_misc_15, ontoclasm_vaults_tryst,
          grunt_vaults_swirl, v_rooms_4, nicolae_vaults_diagonal_hallway_9,
          nicolae_vaults_ring_of_whatevers, st_cross, ontoclasm_vaults_ligature,
          vaults_room_semicircle, v_misc_26, vaults_mumra_lcd,
          grunt_vaults_hallway_short, nicolae_vaults_mini_display_case,
          nicolae_vaults_three_branches, layout_vaults_omnicross, serial_shops,
          shop_fountains, shop, nicolae_shop_waterfront
Vaults:2: ontoclasm_vaults_bender, minmay_crypt_entry_simple_statues,
          v_pattern_1, grunt_vaults_focal, ontoclasm_vaults_ring_large,
          hangedman_vaults_unwind, vaults_standard_mumra_enter_the_diamond,
          v_rooms_6, nicolae_vaults_what_the_h, ontoclasm_vaults_chip,
          vaults_dpeg_spiral, hangedman_vaults_impose, v_misc_14,
          nicolae_vaults_little_squares_3, nicolae_vaults_circle_grid_b,
          nicolae_vaults_little_squares_4, vaults_room_hallway,
          layout_vaults_omnibox, serial_shops, shop, shop_statue, shop
Vaults:3: nicolae_vaults_windows_and_doors_thing, vaults_room_pools,
          ontoclasm_vaults_eye, nicolae_vaults_network_star, st_squares,
          hangedman_vaults_stagger, vaults_mumra_minichess,
          hangedman_vaults_impose, vaults_room_ringed_pool,
          vaults_room_large_hall, nicolae_vaults_little_squares_2,
          ontoclasm_vaults_loading_screen, vaults_room_grid,
          nicolae_vaults_network_square, layout_vaults_maze
Vaults:4: ontoclasm_vaults_shuriken, nicolae_vaults_c_with_doors,
          vaults_room_door_ring, vaults_dpeg_doors,
          nicolae_vaults_circle_grid_a, ontoclasm_vaults_decontamination,
          v_misc_12, grunt_vaults_funnel, nicolae_vaults_asterisk, v_misc_16,
          layout_vaults_omnigrid, serial_shops, shop
Vaults:5: uniq_jory, uniq_bai_suzhen, uniq_boris
Crypt:1:  layout_basic, minivault_23
Crypt:2:  layout_gridlike, gammafunk_ghost_arena, uniq_sojobo
Crypt:3:  quadcrypt_mu, uniq_frederick, uniq_mennas
Depths:1: layout_long_grid, minmay_holes, grunt_hell_entry_demonic_statue,
          moated_statue, minmay_fractal_squares_gapless_7, serial_bayou_shore_a
Depths:2: minmay_the_grid_octo_tiled_squarecenter
          [minmay_the_grid_octo_concentric,
          minmay_the_grid_octo_tetromino_candy,
          minmay_the_grid_octo_checkerflower, minmay_the_grid_octo_odd_swirl,
          minmay_the_grid_square_5x5_megaprize_hollow,
          minmay_the_grid_square_5x5_n, minmay_the_grid_square_5x5_comb,
          minmay_the_grid_square_5x5_c, minmay_the_grid_square_5x5_two_walls_b],
          layout_gridlike, hell_entry
Depths:3: minmay_tri_box, layout_basic, enter_ziggurat_f,
          rand_demon_pan_entry_3, hell_entry, bh_walls_and_bars,
          kennysheep_generic_room_7, minmay_staircase_windowed_large
Depths:4: minmay_shrinking_squares, layout_gridlike,
          ebering_ghost_disaster_area, hangedman_abyss_entry_splay, hell_entry,
          ebering_dispersal_statue_hall, infiniplex_staircase_pool_1,
          minmay_shoptagon, firewood_loft
Depths:5: hangedman_spin_cycle, hell_entry, pan_entry, uniq_enchantress
Zot:1:    layout_misc_corridors
Zot:2:    layout_misc_corridors

Skill      XL: |  1  2  3  4  5  6  7  8  9 10 11 12 13 14 15 16 17 18 19 20 21 22 23 24 25 26 27 |
---------------+----------------------------------------------------------------------------------+-----
Unarmed Combat | 4 5 6 7 9 11 12 14 15 16 18 19 20 21 22 23 24 25 26 27 | 27.0
Fighting       | 4 5 6 7 9 11 12 14 15 16 17 18 19 20 | 20.0
Armour         | 1 5 8 10 11 12 14 16 18 19 | 19.7
Crossbows      | 2 5 6 8 9 10 11 13 14 16 17 18 | 18.0
Evocations     | 3 7 10 11 14 16 17 | 17.8
Dodging        | |  2.6
Stealth        | |  2.1

Action                   |  1- 3 |  4- 6 |  7- 9 | 10-12 | 13-15 | 16-18 | 19-21 | 22-24 | 25-27 || total
-------------------------+-------+-------+-------+-------+-------+-------+-------+-------+-------++-------
Melee: Unarmed           |   117 |   178 |   409 |   973 |  1530 |  1866 |  1816 |  1880 |  1421 || 10190
       Punch             |       |     2 |    10 |    38 |    58 |    77 |   124 |   147 |   113 ||   569
 Fire: Hunting sling     |       |     5 |     3 |       |       |       |       |       |       ||     8
       Arbalest          |       |       |       |       |     1 |    84 |   162 |   273 |   239 ||   759
Throw: Throwing net      |       |       |     1 |       |       |       |       |       |       ||     1
       Dart              |       |       |       |       |       |       |       |     6 |       ||     6
Invok: Whirlwind         |       |       |    70 |   199 |   474 |   633 |   681 |   504 |   424 ||  2985
       Lunge             |       |       |    16 |    59 |    72 |   102 |   146 |   130 |    82 ||   607
       Serpent's Lash    |       |       |       |     2 |     3 |     2 |     1 |     4 |     5 ||    17
       Heavenly Storm    |       |       |       |       |     1 |     1 |       |       |     1 ||     3
 Abil: Wall Jump         |       |       |       |       |     2 |     9 |     4 |     3 |    10 ||    28
       Stop Flying       |       |       |       |       |       |       |       |     1 |     2 ||     3
       Evoke Flight      |       |       |       |       |       |       |       |     1 |     1 ||     2
Evoke: Wand              |       |     8 |       |    10 |       |     2 |     3 |     1 |       ||    24
       Lamp of fire      |       |       |       |       |       |     1 |     3 |     1 |       ||     5
       Phantom mirror    |       |       |       |       |       |       |       |     2 |       ||     2
       Phial of floods   |       |       |       |       |       |       |       |     1 |     1 ||     2
  Use: Scroll            |     4 |       |     7 |    24 |    12 |     6 |     9 |    16 |    15 ||    93
       Potion            |       |     1 |     3 |     3 |       |     1 |     3 |     4 |     6 ||    21
 Stab: Sleeping          |     1 |       |       |       |       |       |       |       |       ||     1
       Distracted        |       |       |     1 |     1 |       |       |       |     3 |       ||     5
       Held in net/web   |       |       |     1 |       |       |       |       |       |       ||     1
       Petrifying        |       |       |       |       |     2 |       |       |       |       ||     2
       Petrified         |       |       |       |       |     3 |       |       |       |       ||     3
  Eat: Chunk             |     4 |     8 |    29 |    89 |   136 |   112 |   171 |    59 |   104 ||   712
       Ration            |       |       |       |       |       |     1 |       |     4 |     1 ||     6
Armor: Robe              |     9 |       |       |       |       |       |       |       |       ||     9
       Scale mail        |    13 |       |       |       |       |       |       |       |       ||    13
       Plate armour      |    46 |   112 |   259 |   318 |       |       |       |       |       ||   735
       Crystal plate arm |       |       |       |    82 |   927 |  1150 |   923 |  1028 |   853 ||  4963
Dodge: Dodged            |    57 |    33 |   112 |   194 |   150 |   274 |   229 |   270 |   251 ||  1570
Block: Other             |       |       |       |    31 |   117 |   136 |   105 |    17 |       ||   406
       Reflection        |       |       |       |     3 |     1 |    11 |    23 |     3 |       ||    41

Table legend:
 A = Non-vault XP
 B = Vault XP
 C = Vault XP percentage of total XP
 D = Non-vault monster count
 E = Vault monster count
 F = Vault count percentage of total count
                 A         B        C        D         E       F
            +---------+---------+-------+---------+---------+-------
      Total |  671091 |  706184 |  51.3 |    1410 |     939 |  40.0
            +---------+---------+-------+---------+---------+-------
        D:1 |      19 |       0 |   0.0 |      12 |       0 |   0.0
        D:2 |      42 |       0 |   0.0 |      15 |       0 |   0.0
        D:3 |     120 |       0 |   0.0 |      30 |       0 |   0.0
        D:4 |     933 |     165 |  15.0 |      25 |       4 |  13.8
        D:5 |     510 |     253 |  33.2 |      16 |       6 |  27.3
        D:6 |     539 |       0 |   0.0 |      17 |       0 |   0.0
        D:7 |    2275 |    1168 |  33.9 |      40 |      16 |  28.6
        D:8 |    1433 |    4859 |  77.2 |      33 |      39 |  54.2
        D:9 |    1533 |       0 |   0.0 |      36 |       0 |   0.0
       D:10 |    2018 |      48 |   2.3 |      24 |       4 |  14.3
       D:11 |    4368 |    2572 |  37.1 |      26 |       3 |  10.3
       D:12 |   10676 |    1007 |   8.6 |      34 |       1 |   2.9
       D:13 |    9730 |    3960 |  28.9 |      44 |       8 |  15.4
       D:14 |   11196 |       0 |   0.0 |      23 |       0 |   0.0
       D:15 |    3020 |    4236 |  58.4 |       9 |       8 |  47.1
     Lair:1 |    3642 |     534 |  12.8 |      11 |       2 |  15.4
     Lair:2 |    3715 |    1051 |  22.1 |      19 |       8 |  29.6
     Lair:3 |    8297 |    2945 |  26.2 |      28 |       5 |  15.2
     Lair:4 |    6371 |    2193 |  25.6 |      23 |      12 |  34.3
     Lair:5 |    3149 |    1212 |  27.8 |      13 |       4 |  23.5
     Lair:6 |   15175 |    9617 |  38.8 |      42 |      35 |  45.5
   Shoals:1 |    9631 |       0 |   0.0 |      23 |       0 |   0.0
   Shoals:2 |   15165 |    1588 |   9.5 |      32 |       1 |   3.0
   Shoals:3 |   10524 |       0 |   0.0 |      21 |       0 |   0.0
   Shoals:4 |    9198 |   23950 |  72.3 |      20 |      37 |  64.9
    Snake:1 |   10244 |    4904 |  32.4 |      19 |       4 |  17.4
    Snake:2 |   18404 |    6719 |  26.7 |      35 |      21 |  37.5
    Snake:3 |   15149 |       0 |   0.0 |      29 |       0 |   0.0
    Snake:4 |   14154 |   39052 |  73.4 |      25 |      70 |  73.7
      Orc:1 |    1142 |       0 |   0.0 |      11 |       0 |   0.0
      Orc:2 |    3270 |    8320 |  71.8 |      23 |      25 |  52.1
      Elf:1 |    9242 |   17281 |  65.2 |      15 |      21 |  58.3
      Elf:2 |   22667 |   23654 |  51.1 |      39 |      27 |  40.9
      Elf:3 |   14232 |   51821 |  78.5 |      27 |      41 |  60.3
   Vaults:1 |   26194 |   13387 |  33.8 |      55 |      31 |  36.0
   Vaults:2 |   34712 |   28896 |  45.4 |      63 |      57 |  47.5
   Vaults:3 |   27432 |   26549 |  49.2 |      43 |      32 |  42.7
   Vaults:4 |   34469 |   13175 |  27.7 |      51 |      22 |  30.1
   Vaults:5 |   14860 |  139058 |  90.3 |      26 |      94 |  78.3
    Crypt:1 |   36857 |       0 |   0.0 |      59 |       0 |   0.0
    Crypt:2 |   20541 |    6422 |  23.8 |      33 |       3 |   8.3
    Crypt:3 |       0 |   83924 | 100.0 |       0 |      76 | 100.0
   Depths:1 |   25538 |   19469 |  43.3 |      48 |      30 |  38.5
   Depths:2 |   19636 |    9848 |  33.4 |      20 |      10 |  33.3
   Depths:3 |   39764 |   21003 |  34.6 |      53 |      12 |  18.5
   Depths:4 |   29613 |   12387 |  29.5 |      26 |       7 |  21.2
   Depths:5 |    1221 |  107365 |  98.9 |       1 |      92 |  98.9
      Zot:1 |   76726 |       0 |   0.0 |      43 |       0 |   0.0
      Zot:2 |   21779 |       0 |   0.0 |      14 |       0 |   0.0
    Abyss:2 |    1332 |       0 |   0.0 |       3 |       0 |   0.0
    Abyss:5 |   18634 |       0 |   0.0 |      33 |       0 |   0.0
    Ossuary |       0 |     793 | 100.0 |       0 |      34 | 100.0
      IceCv |       0 |    2880 | 100.0 |       0 |      10 | 100.0
    Volcano |       0 |    7919 | 100.0 |       0 |      27 | 100.0
            +---------+---------+-------+---------+---------+-------
